 Dungeon Crawl Stone Soup version 0.18-a0-949-g5bbc315 (webtiles) character file.

142 Oddball22 the Charlatan (level 5, 0/61 HPs)
             Began as a Demonspawn Artificer on Dec 30, 2015.
             Succumbed to ZiggyStardust's ghost's poison
             ... on level 3 of the Dungeon.
             The game lasted 00:05:02 (1951 turns).

Oddball22 the Charlatan (Demonspawn Artificer)      Turns: 1951, Time: 00:05:02

Health: 0/61       AC: 22    Str: 11    XL:     5   Next: 3%
Magic:  7/8        EV:  2    Int: 13    God:
Gold:   91         SH:  0    Dex: 15    Spells: 0 memorised, 4 levels left

rFire  . . .     SeeInvis .     t - +2 dagger (venom)
rCold  . . .     Gourm    .     (armour currently unavailable)
rNeg   + + +     Faith    .     (no shield)
rPois  +         Spirit   .     (helmet currently unavailable)
rElec  .         Dismiss  .     (cloak currently unavailable)
rCorr  .         Reflect  .     (gloves currently unavailable)
SustAt .         Harm     .     (boots currently unavailable)
MR     .....     NoTele   +     (no amulet)
Stlth  ++........               (no ring)
                                (no ring)

@: lethally poisoned (0 -> -8), tree-form, not resistant to hostile
enchantments, unstealthy
A: (hooves 0), demonic guardian 1, (spiny 0)
a: no special abilities


You were on level 3 of the Dungeon.
You were not hungry.
You were a tree.
You visited 1 branch of the dungeon, and saw 3 of its levels.

You collected 91 gold pieces.

Inventory:

Hand Weapons
 a - a +0 short sword
 t - a +2 dagger of venom (weapon)
Armour
 b - a +0 leather armour (melded)
 n - a +0 pair of gloves (melded)
Jewellery
 j - an uncursed amulet of rage {unknown}
Wands
 c - a wand of flame (13/48)
 d - a wand of enslavement (15/24)
 e - a wand of random effects (15/48)
Scrolls
 g - 2 scrolls of identify {unknown}
 h - 3 scrolls of teleportation {unknown}
 i - a scroll of fog {unknown}
 p - a scroll of amnesia {unknown}
 s - a scroll of enchant armour {unknown}
Potions
 l - a potion of lignification
Miscellaneous
 k - a plain deck of defence
Comestibles
 f - 4 bread rations
 m - 4 chunks of flesh
 o - a slice of pizza
 q - a royal jelly
 r - a meat ration


   Skills:
 * Level 3.2 Fighting
 - Level 0.8 Short Blades
 + Level 2.9 Dodging
 - Level 0.8 Stealth
 + Level 4.0 Evocations


You had 4 spell levels left.
You didn't know any spells.

Dungeon Overview and Level Annotations

Branches:
Dungeon (3/15)

Altars:
Nemelex Xobeh
Xom


Innate Abilities, Weirdness & Mutations

((You have hoof-like feet.))
A weak demonic guardian rushes to your aid.
((You are partially covered in sharp spines.))


Message History

You feel sick.
There is a lethal amount of poison in your body!
There is a lethal amount of poison in your body!
* * * LOW HITPOINT WARNING * * *
You feel sick.
* * * LOW HITPOINT WARNING * * *
You feel sick.
* * * LOW HITPOINT WARNING * * *
You feel sick.
* * * LOW HITPOINT WARNING * * *
You feel sick.
* * * LOW HITPOINT WARNING * * *
You feel sick.
* * * LOW HITPOINT WARNING * * *
You feel sick.
* * * LOW HITPOINT WARNING * * *
You feel sick.
* * * LOW HITPOINT WARNING * * *
You feel sick.
You die...

.........#?#
.......r.#.#
<..?.......#
...........###
.............
...........
.......#.###
...........########
.......).....♣....#
..............###.#
..#........#### #
............###
...#..........#
........#<..#####
#...............#
......#...#####
#...##...#


There were no monsters in sight!

Vanquished Creatures
  The ghost of ZiggyStardust the Ruffian, an amateur VSTm (D:3)
  3 adders (D:2)
  A worm (D:3)
  3 bats
  3 giant cockroaches
  3 hobgoblins
  8 jackals
  4 kobolds
  3 giant newts
  6 goblins
  2 quokkas
  9 rats
46 creatures vanquished.

Notes
Turn   | Place    | Note
--------------------------------------------------------------
     0 | D:1      | Oddball22 the Demonspawn Artificer began the quest for the Orb.
     0 | D:1      | Reached XP level 1. HP: 15/15 MP: 3/3
   287 | D:1      | Found a sparkling altar of Nemelex Xobeh.
   305 | D:1      | Gained mutation: You have large cloven feet. [demonic ancestry]
   305 | D:1      | Reached XP level 2. HP: 18/21 MP: 4/4
  1161 | D:2      | Gained mutation: You are partially covered in sharp spines. [demonic ancestry]
  1161 | D:2      | Reached XP level 3. HP: 27/27 MP: 5/5
  1459 | D:2      | Found a shimmering altar of Xom.
  1459 | D:2      | Found a shimmering altar of Xom.
  1459 | D:2      | Found a shimmering altar of Xom.
  1460 | D:2      | Found a shimmering altar of Xom.
  1460 | D:2      | Found a shimmering altar of Xom.
  1461 | D:2      | Found a shimmering altar of Xom.
  1462 | D:2      | Found a shimmering altar of Xom.
  1685 | D:2      | Gained mutation: You have hoof-like feet. [demonic ancestry]
  1685 | D:2      | Reached XP level 4. HP: 32/34 MP: 6/6
  1732 | D:3      | Noticed an ice beast
  1921 | D:3      | Noticed ZiggyStardust's ghost (amateur VSTm)
  1937 | D:3      | Killed ZiggyStardust's ghost
  1937 | D:3      | Reached skill level 4 in Evocations
  1937 | D:3      | Gained mutation: A weak demonic guardian rushes to your aid. [demonic ancestry]
  1937 | D:3      | Reached XP level 5. HP: 16/41 MP: 6/8
  1948 | D:3      | HP: 3/61 [poisoned by ZiggyStardust's ghost]
  1949 | D:3      | HP: 1/61 [poisoned by ZiggyStardust's ghost]
  1951 | D:3      | Succumbed to ZiggyStardust's ghost's poison

Vault maps used:
D:1:      denvon_arrival_waterhouse, nemelex_deck
D:2:      xom_redecorated, first_bread
D:3:      kiku_gazebo_pond_becter

Action                   |  1- 3 |  4- 6 || total
-------------------------+-------+-------++-------
Melee: Short sword       |   131 |       ||   131
       Dagger            |       |    13 ||    13
Evoke: Wand              |     2 |       ||     2
  Use: Potion            |       |     1 ||     1
 Stab: Sleeping          |     1 |       ||     1
  Eat: Chunk             |     3 |       ||     3
